[Event "Chess Ladies Graz 2024"]
[Site "Graz"]
[Date "2024.02.27"]
[Round "3.3"]
[White "Froewis, Annika"]
[Black "Bodnaruk, Anastasia"]
[Result "0-1"]
[ECO "A45"]
[WhiteElo "2133"]
[BlackElo "2340"]
[Annotator "TA"]
[PlyCount "48"]
[EventDate "2024.02.25"]
[EventType "tourn"]
[EventCountry "AUT"]
[SourceTitle "playchess.com"]
[Source "ChessBase"]
[SourceQuality "1"]
[TimeControl "40/5400+30:1800+30"]

1. d4 Nf6 2. Bf4 g6 3. Nc3 d5 4. e3 Bg7 5. h4 h5 6. Nf3 O-O 7. Ne5 c5 8. Qd2 {[%emt 0:03:07] The position is equal.} Qa5 9. f3 Nc6 10. dxc5 Qxc5 11. Nxc6 (11. O-O-O $5) 11... Qxc6 (11... bxc6 $2 12. Na4 $18) 12. Be5 Ne4 13. Nxd5 $2 Nxd2 $19 ({Much less strong is} 13... Bxe5 14. fxe4 (14. Nxe7+ $2 Kg7 $19) 14... Bg3+ (14... Bxb2 $2 15. Nxe7+ Kh8 16. Nxc6 $18) 15. Kd1 $17) 14. Nxe7+ Kh7 15. Nxc6 {[%emt 0:00:20] [#] Strongly threatening Bxg7.} Nxf1 16. Kxf1 (16. Bxg7 $142 Kxg7 17. Rxf1 bxc6 18. O-O-O) 16... bxc6 17. Bxg7 Kxg7 18. Rd1 Be6 19. Rd6 (19. b3 $142) 19... Rfd8 ({Resist} 19... Bxa2 20. Ke2 Bc4+ 21. Kd2 $19) 20. Rxd8 Rxd8 21. Ke2 {[%emt 0:00:40] Repels Rd1} Bc4+ ({Not} 21... Bxa2 22. b3 $11) 22. Ke1 Bxa2 23. b3 Bb1 24. c3 Bc2 {[%emt 0:00:00] Weighted Error Value: White=0.45/Black=0.02 (flawless) .  Loses game:     	White=1     	---        Mistake:       	White=2     	---        Inaccurate:     	White=2     	---        OK:         	White=6     	Black=7      Best:        	White=3     	Black=3} 0-1

[Event "Chess Ladies Graz 2024"]
[Site "Graz"]
[Date "2024.02.27"]
[Round "3.4"]
[White "Schloffer, Jasmin-Denise"]
[Black "Polterauer, Chiara"]
[Result "1-0"]
[ECO "D97"]
[WhiteElo "2178"]
[BlackElo "2189"]
[Annotator "RC"]
[PlyCount "165"]
[EventDate "2024.02.25"]
[EventType "tourn"]
[EventCountry "AUT"]
[SourceTitle "playchess.com"]
[Source "ChessBase"]
[SourceQuality "1"]
[TimeControl "40/5400+30:1800+30"]

1. d4 Nf6 2. c4 g6 3. Nc3 d5 4. Nf3 Bg7 5. Qb3 dxc4 6. Qxc4 O-O 7. e4 a6 8. Be2 b5 9. Qb3 c5 10. dxc5 Be6 11. Qc2 Nbd7 12. Be3 Rc8 13. Rd1 Qa5 14. a3 b4 15. axb4 Qxb4 16. O-O Bb3 17. Rd4 Qb7 18. Bxa6 Qxa6 19. Qxb3 Nxc5 20. Qc4 Qxc4 21. Rxc4 Nd3 22. Rxc8 Rxc8 23. Bd4 Ng4 24. Nd5 Bxd4 25. Nxd4 Kf8 26. f3 Nge5 27. b3 e6 28. Ne3 Nb4 29. Ne2 Ra8 30. Rb1 Ra2 31. Nc3 Ra8 32. Nc4 Ned3 33. Na4 Rd8 34. Rd1 Rb8 35. g3 f6 36. Nab6 Ke7 37. Na4 h5 38. Kf1 h4 39. Ke2 Rd8 40. Nab2 hxg3 41. hxg3 Nc5 42. Rxd8 Kxd8 43. Na5 f5 44. exf5 gxf5 45. Kd2 Nd5 46. Nd3 Na6 47. g4 fxg4 48. fxg4 Ke7 49. Nc4 Kf6 50. Ne3 Nb6 51. Ke2 Kg5 52. Kf3 Nd7 53. Nc4 Nf6 54. Nce5 Nd5 55. Kg3 Ne3 56. Nf3+ Kf6 57. Kh4 Nc7 58. Nd2 Nf5+ 59. gxf5 Kxf5 60. Kg3 e5 61. Nc5 e4 62. Ndxe4 Ke5 63. Kf3 Kd4 64. Ke2 Nb5 65. Kd2 Na3 66. Kc1 Kd5 67. Kb2 Nc4+ 68. Kc3 Nb6 69. Kb4 Kc6 70. Ka5 Nd5 71. Nd3 Nb6 72. Ne5+ Kc7 73. b4 Nd5 74. b5 Nb6 75. Nd2 Kb7 76. Ndc4 Nd5 77. Nd3 Nc7 78. Nc5+ Ka8 79. b6 Nd5 80. b7+ Ka7 81. Ne5 Ne7 82. Kb5 Nc8 83. Nc6# 1-0

[Event "Chess Ladies Graz 2024"]
[Site "Graz"]
[Date "2024.02.27"]
[Round "3.5"]
[White "Mkrtchian, Lilit"]
[Black "Trippold, Denise"]
[Result "1-0"]
[ECO "E17"]
[WhiteElo "2378"]
[BlackElo "2147"]
[Annotator "TA"]
[PlyCount "75"]
[EventDate "2024.02.25"]
[EventType "tourn"]
[EventCountry "AUT"]
[SourceTitle "playchess.com"]
[Source "ChessBase"]
[SourceQuality "1"]
[TimeControl "40/5400+30:1800+30"]

1. Nf3 Nf6 2. c4 e6 3. g3 b6 4. Bg2 Bb7 5. O-O Be7 6. d4 O-O 7. Re1 d5 8. cxd5 exd5 9. Nc3 Nbd7 10. Bf4 c5 11. dxc5 bxc5 (11... Nxc5 $11 12. Rc1 Nfe4) 12. Nh4 $16 g6 {[%emt 0:11:48] Wards off Nf5} 13. Nxd5 {[%emt 0:15:57] White is much more active. White is slightly better.} (13. Bxd5 Nxd5 14. Nxd5 Bxh4 15. gxh4 Qxh4 $16) 13... Nxd5 14. Bxd5 Bxd5 15. Qxd5 Bxh4 16. gxh4 Qxh4 17. Bg3 Qg4 18. Rad1 Rad8 19. f3 Qb4 20. b3 Rfe8 21. Bc7 (21. Qd6 {simplifies} Qb6 22. Qxb6 Nxb6 23. a4) 21... Nb6 22. Qg5 {[%emt 0:05:52] [#]} ({White has to play} 22. Qxd8 $16 Rxd8 23. Rxd8+ Kg7 24. Be5+ f6 25. Bg3) 22... Rd5 $1 $15 23. Qf6 Re6 24. Qf4 Qxf4 (24... Rxe2 $5 25. Qxb4 cxb4 26. Bxb6 Rg5+ (26... axb6 27. Rxd5 Rxe1+ 28. Kf2 $19) 27. Kh1 (27. Kf1 Rxe1+ 28. Rxe1 axb6 $14) 27... Rxe1+ (27... Rxa2 $2 {loses.} 28. Re8+ Kg7 29. Bd4+ Kh6 30. Be3 $18) 28. Rxe1 axb6 $15) 25. Bxf4 Rxd1 26. Rxd1 Rxe2 {[%emt 0:00:12][%mdl 4096] Endgame. KRB-KRN} 27. a4 {[%emt 0:01:04][%cal Ba2a4,Ba4a5,Ba5a6,Ba6a7][%mdl 32] And now a5 would win.} Re7 $2 {[%emt 0:03:34] [#]} (27... Ra2 $11) 28. Rd8+ $1 $18 Kg7 29. a5 Nd7 $2 {[%emt 0:02:24] [#]} (29... c4 {is more resistant.}) 30. Bd6 $1 Kf6 31. Bxe7+ Kxe7 {[%emt 0:00:01] KR-KN} 32. Ra8 Kd6 33. Rxa7 {[%emt 0:00:13] Threatens to win with a6.} Kc6 34. a6 {[%emt 0:01:25][%cal Oa7d7] White wants to mate with Rxd7!} Nb6 35. Rxf7 {[%emt 0:00:23] White mates.} Na8 36. Rxh7 Kb6 37. a7 g5 38. Kg2 {[%emt 0:00:12] Weighted Error Value: White=0.08 (flawless) /Black=0.58.  Loses game:     	---       	Black=1      Mistake:       	White=1     	Black=2      Inaccurate:     	---       	Black=3      OK:         	White=7     	Black=9      Best:        	White=3     	Black=1      Strong:       	White=2     	---} 1-0

[Event "Chess Ladies Graz 2024"]
[Site "Graz"]
[Date "2024.02.28"]
[Round "4.1"]
[White "Daulyte-Cornette, Deimante"]
[Black "Trippold, Denise"]
[Result "1-0"]
[ECO "C02"]
[WhiteElo "2372"]
[BlackElo "2147"]
[Annotator "TA"]
[PlyCount "70"]
[EventDate "2024.02.25"]
[EventType "tourn"]
[EventCountry "AUT"]
[SourceTitle "playchess.com"]
[Source "ChessBase"]
[SourceQuality "1"]
[TimeControl "40/5400+30:1800+30"]

1. e4 e6 2. d4 d5 3. e5 c5 4. c3 Nc6 5. Nf3 Bd7 6. Be2 Nge7 7. O-O Ng6 8. Be3 Be7 9. Nbd2 cxd4 10. cxd4 O-O {[%emt 0:00:07] Die Stellung ist ausgeglichen.} 11. Re1 f6 12. exf6 Bxf6 13. Nb3 b6 14. Rc1 a5 15. Nbd2 Nge7 16. Nf1 Nf5 17. Bb5 Nb4 18. Bxd7 Qxd7 19. Qb3 Rfc8 20. Ng3 Nxg3 21. hxg3 Rxc1 22. Rxc1 {[%emt 0:04:32] Zielt auf a3 ab.} Rc8 23. Rc3 Qb7 24. a3 Nc6 (24... Rxc3 $11 {ist überlegen.} 25. Qxc3 Nc6) 25. Qb5 $16 h6 26. Rb3 {[%emt 0:06:08] Weiß steht aktiver.} (26. g4 {vereinfacht} Kf8 27. Rb3 Kg8 28. Qxb6 Qxb6 29. Rxb6 e5 30. dxe5 Nxe5 31. Nxe5 Bxe5 32. Rb5) 26... Qd7 27. Qa6 (27. Qxb6 Rb8 $17) 27... e5 28. dxe5 (28. Qxb6 exd4 (28... Rb8 29. Qxb8+ Nxb8 30. Rxb8+ Kf7 31. dxe5 $16) 29. Bxd4 (29. Nxd4 Bxd4 30. Bxd4 Rb8 $17) 29... Rb8 30. Qxb8+ Nxb8 31. Rxb8+ Kh7 32. Bxf6 gxf6 $15) 28... Nxe5 29. Nxe5 (29. Qxb6 $6 Nc4 30. Qa6 Bxb2 $11) 29... Bxe5 30. Rxb6 d4 31. Qd3 (31. Qxa5 $2 dxe3 (31... Bc7 $2 32. Qb5 $19) 32. Qxe5 Rc1+ 33. Kh2 exf2 34. Rb8+ Kh7 $19) 31... Qg4 {[%emt 0:05:16] [#]} (31... Qf7 $14 32. Bd2 (32. Bxd4 $2 Rc1+ $19) 32... Qh5) 32. Bxh6 $1 Qh5 {[%emt 0:03:57] [#]} 33. Qb3+ $2 (33. f4 $1 $16 Bf6 34. Bg5 Bxg5 35. Rb5 (35. fxg5 Qxg5 36. Qe2 Rd8 $11)) 33... Kh8 $11 34. Bd2 Qe2 {[%emt 0:01:01] Wehrt Rb5 ab} (34... d3 $1 $11) 35. Qf7 $18 {[%emt 0:02:10][%cal Ob6e6] Und Re6! würde nun gewinnen.} (35. Bxa5 {wird mattgesetzt.} Rc1+) 35... Qxd2 {[%emt 0:00:00] Gewichteter Fehlerwert: Weiß=0.12 (sehr präzise) /Schwarz=0.24 (präzise) .  Verlustzug:     	---       	Schwarz=1     Fehler:       	Weiß=1     	Schwarz=3     Ungenau:       	Weiß=3     	Schwarz=1     OK:         	Weiß=12    	Schwarz=6     Bester:       	Weiß=1     	Schwarz=2     Brilliant:      	Weiß=1     	---} (35... Bxg3 {ist eine bessere Verteidigung.} 36. fxg3 (36. Bxa5 $2 {ist ein Selbstmatt.} Qd1+) 36... Qxd2 37. Qh5+ Kg8) 1-0

[Event "Chess Ladies Graz 2024"]
[Site "Graz"]
[Date "2024.02.28"]
[Round "4.2"]
[White "Polterauer, Chiara"]
[Black "Mkrtchian, Lilit"]
[Result "1/2-1/2"]
[ECO "C09"]
[WhiteElo "2189"]
[BlackElo "2378"]
[Annotator "RC"]
[PlyCount "38"]
[EventDate "2024.02.25"]
[EventType "tourn"]
[EventCountry "AUT"]
[SourceTitle "playchess.com"]
[Source "ChessBase"]
[SourceQuality "1"]
[TimeControl "40/5400+30:1800+30"]

1. e4 e6 2. d4 d5 3. Nd2 c5 4. exd5 exd5 5. Ngf3 Nc6 6. Bb5 Qe7+ 7. Be2 Qc7 8. O-O Nf6 9. Re1 cxd4 10. Nb3 Be7 11. Nfxd4 O-O 12. h3 a6 13. Bd3 Ne5 14. Bf5 g6 15. Bxc8 Raxc8 16. Bg5 Rfe8 17. c3 Ne4 18. Bxe7 Rxe7 19. Nf3 Qb6 1/2-1/2

[Event "Chess Ladies Graz 2024"]
[Site "Graz"]
[Date "2024.02.28"]
[Round "4.3"]
[White "Bodnaruk, Anastasia"]
[Black "Schloffer, Jasmin-Denise"]
[Result "1-0"]
[ECO "B12"]
[WhiteElo "2340"]
[BlackElo "2178"]
[Annotator "TA"]
[PlyCount "123"]
[EventDate "2024.02.25"]
[EventType "tourn"]
[EventCountry "AUT"]
[SourceTitle "playchess.com"]
[Source "ChessBase"]
[SourceQuality "1"]
[TimeControl "40/5400+30:1800+30"]

1. e4 c6 2. d4 d5 3. f3 dxe4 4. fxe4 e5 5. Nf3 Bg4 6. Bc4 Nd7 7. c3 {[%emt 0:04:17] B12: Caro-Kann (Vorstoß-Variante).} Bd6 {[%emt 0:01:48] wohl besser als 7...Bh5.} 8. Qb3 Qe7 9. Qxb7 Rb8 10. Qxc6 Bxf3 11. gxf3 Ngf6 12. Be3 $146 ({Predecessor:} 12. Nd2 O-O 13. Bb3 Rfc8 14. Qa6 exd4 15. cxd4 Bb4 16. Qd3 Nh5 17. Qe3 Qh4+ 18. Qf2 Rxc1+ 19. Rxc1 Bxd2+ 20. Ke2 Nf4+ {0-1 Malicka,M (2311)-Vazquez,G (2534) US Collegiate Rapid 2021 (5.117)}) 12... O-O 13. Nd2 ({Vorzuziehen ist} 13. Bb3 exd4 14. Bxd4) 13... Rxb2 (13... exd4 $17 14. cxd4 Rb6) 14. Bb3 (14. O-O $11) 14... exd4 (14... Nb6 $1 $15 15. dxe5 Qxe5) 15. cxd4 $11 Bb4 16. Rc1 Nb6 17. Ke2 Nh5 (17... Ng4 $1 $11 18. fxg4 Bxd2 19. Bxd2 Qg5) 18. Rc2 $1 $14 Rxc2 19. Qxc2 Rc8 20. Qb1 Rc3 $1 21. Qg1 (21. Rc1 $2 Rxe3+ 22. Kd1 Nf4 $19) 21... Qd7 (21... g6 $11) 22. Qg5 $14 g6 $1 23. Rg1 $1 Ng7 24. h4 ({Günstiger ist} 24. Rb1 $14 Bf8 25. Qg4) 24... Ne6 $11 25. Bxe6 Qxe6 26. h5 Qc8 (26... Rc2 $11 27. Rb1 (27. Qd8+ Bf8 $11) 27... Qc4+ 28. Kd1 Rxd2+ 29. Bxd2 Qf1+ 30. Kc2 Qc4+ 31. Kd1 Qf1+ 32. Kc2 Qc4+ 33. Kd1) 27. hxg6 $16 hxg6 (27... Qa6+ $16 28. Kf2 fxg6) 28. Rh1 $1 $18 Bf8 29. Qh4 $1 Bg7 30. Qh7+ $1 Kf8 31. Bh6 $1 Bxh6 32. Qxh6+ (32. Rxh6 Qa6+ 33. Kf2 Qd3 34. Qh8+ Ke7 35. Qe5+ Kd7 $15) 32... Ke7 33. Qg5+ Kd7 34. Rh7 Qa6+ 35. Kf2 Qxa2 36. Kg3 $2 (36. d5 $1 $18) 36... Qe6 $2 (36... Kc6 $1 $11) 37. Qb5+ $18 Kc7 {[%emt 0:01:01] [#]} 38. Qa5 $2 (38. e5 $1 $18 {ist der präzise Gewinnweg. Droht Qa5 und aus.} Qd7 39. Qb4 (39. Qxd7+ Kxd7 40. Rxf7+ Kd8 $18)) 38... Qd6+ $16 {[%emt 0:01:11] [#]} 39. e5 (39. Qe5 $1 $16 Qxe5+ 40. dxe5) 39... Qxd4 $11 40. Rxf7+ Kc6 41. Rf6+ (41. Ne4 $5 Qg1+ $8 42. Kh3 Qh1+ 43. Kg4 Qg2+ 44. Kh4 (44. Ng3 Rc4+ 45. f4 g5 $11) 44... Qh1+ 45. Kg4 Qg2+ 46. Kh4 (46. Ng3 Rc4+ 47. f4 g5 $11) 46... Qh2+ 47. Kg4 Qg2+ $11) 41... Kb7 42. Ne4 Qg1+ 43. Kh4 Qh1+ 44. Kg4 Qg1+ 45. Ng3 Rc4+ 46. f4 g5 47. Rf7+ Kc6 48. Qa3 (48. Rxa7 Rxf4+ 49. Kh5 Qxg3 $19) 48... Rxf4+ 49. Rxf4 (49. Kxg5 $2 {verliert.} Rxf7 50. Qc3+ Qc5 51. Qxc5+ Kxc5 $19) 49... gxf4 50. Qd6+ Kb5 51. Kxf4 Qf2+ 52. Kg4 Qc5 53. Qxc5+ Kxc5 54. Kf5 a5 55. Ne4+ Kc6 56. Nc3 Nd5 $2 (56... a4 $11) 57. Nxd5 Kxd5 58. e6 Kc4 59. e7 Kb3 60. e8=Q ({Minderwertig wäre} 60. e8=B Kc4 $11) 60... a4 61. Qb5+ Ka3 62. Ke4 1-0

[Event "Chess Ladies Graz 2024"]
[Site "Graz"]
[Date "2024.02.28"]
[Round "4.4"]
[White "Mayrhuber, Nikola"]
[Black "Froewis, Annika"]
[Result "0-1"]
[ECO "E04"]
[WhiteElo "1980"]
[BlackElo "2133"]
[Annotator "RC"]
[PlyCount "58"]
[EventDate "2024.02.25"]
[EventType "tourn"]
[EventCountry "AUT"]
[SourceTitle "playchess.com"]
[Source "ChessBase"]
[SourceQuality "1"]
[TimeControl "40/5400+30:1800+30"]

1. d4 Nf6 2. c4 e6 3. Nf3 d5 4. g3 dxc4 5. Bg2 Bd7 6. Ne5 Bc6 7. Nxc6 Nxc6 8. O-O Qd7 9. Nc3 O-O-O 10. Qa4 Nd5 11. Qxc4 h5 12. e3 g5 13. Ne4 g4 14. Bd2 f5 15. Nc5 Bxc5 16. Qxc5 h4 17. b4 Kb8 18. b5 Nce7 19. a4 hxg3 20. hxg3 Rh5 21. Qc4 Rdh8 22. Rfc1 Nc8 23. Kf1 Rh2 24. Be1 Nd6 25. Qb3 Nf6 26. Rc6 Rxg2 27. Kxg2 Qh7 28. Bc3 Qh3+ 29. Kg1 Qh1# 0-1

[Event "Chess Ladies Graz 2024"]
[Site "Graz"]
[Date "2024.02.28"]
[Round "4.5"]
[White "Brunello, Marina"]
[Black "Atalik, Ekaterina"]
[Result "1/2-1/2"]
[ECO "B12"]
[WhiteElo "2345"]
[BlackElo "2405"]
[Annotator "TA"]
[PlyCount "94"]
[EventDate "2024.02.25"]
[EventType "tourn"]
[EventCountry "AUT"]
[SourceTitle "playchess.com"]
[Source "ChessBase"]
[SourceQuality "1"]
[TimeControl "40/5400+30:1800+30"]

1. e4 c6 2. d4 d5 3. e5 c5 4. Nf3 cxd4 5. Nxd4 Nc6 6. Nxc6 {[%emt 0:00:04] B12: Caro-Kann: Advance Variation.} bxc6 7. Bd3 e6 8. O-O Ne7 9. Nd2 Ng6 10. Nf3 Be7 11. c3 O-O 12. Qa4 c5 13. Qg4 Rb8 $146 ({Predecessor:} 13... Kh8 14. Qh5 Qb6 15. Bg5 Ba6 16. Bxa6 Qxa6 17. Bxe7 Nxe7 18. Ng5 h6 19. Nxf7+ Kh7 {½-½ Kollars,D (2598)-Gallasch,R (2067) GER-chT Online Liga Playoffs rapid 2021 (3.4)}) 14. Qh5 (14. b3 $14) 14... Rb6 15. Rd1 Ba6 16. Bc2 Be2 17. Re1 Bxf3 18. Qxf3 Bg5 19. b3 Bxc1 20. Raxc1 Qg5 21. Qe2 Nf4 22. Qf3 f5 23. exf6 Rxf6 ({Black should play} 23... e5 $17 {White must now prevent ...e4.} 24. g3 Nh3+ (24... gxf6 $2 25. Kh1 $18) (24... Rfxf6 25. h4 $16) (24... Rbxf6 25. Kh1 $11) 25. Kh1 e4 (25... Rfxf6 $2 26. Qxd5+ Rbe6 27. f3 $18)) 24. Rcd1 $11 Rb8 25. Qg3 Qh5 26. Kh1 Rbf8 27. f3 (27. Rd2 $11 {remains equal.}) 27... Rh6 (27... e5 $17 {[%cal Oe5e4] Hoping for ...e4!} 28. c4 e4) 28. a3 (28. c4 $11) 28... a5 (28... e5 $17 {[%cal Oe5e4] Strongly threatening ...e4!} 29. Rd2 e4 30. fxe4 Ne2 (30... Rg6 31. Qf3 $16) 31. Rdxe2 (31. Rexe2 $2 Rf1#) 31... Qxe2) 29. b4 axb4 30. axb4 c4 31. Ra1 Qf7 32. Qf2 Qf6 33. Ra3 Rh5 34. Bb1 Re5 35. Rxe5 Qxe5 36. Qh4 $2 ({Only move:} 36. Qd2 $1 $15) 36... h6 $19 37. Qf2 Nd3 $2 (37... Ne2 $19 38. Qe1 Qe3) 38. Qd2 $1 $11 Qf5 39. Ra5 $1 Nf2+ 40. Qxf2 Qxb1+ 41. Qg1 Qc2 42. Qe1 Rf6 43. Ra1 Rg6 44. g3 Qf5 45. Kg2 Qc2+ 46. Kg1 Qd3 47. Kg2 Qc2+ 1/2-1/2

[Event "Chess Ladies Graz 2024"]
[Site "Graz"]
[Date "2024.02.28"]
[Round "5.1"]
[White "Atalik, Ekaterina"]
[Black "Daulyte-Cornette, Deimante"]
[Result "1/2-1/2"]
[ECO "A36"]
[WhiteElo "2405"]
[BlackElo "2372"]
[Annotator "TA"]
[PlyCount "24"]
[EventDate "2024.02.25"]
[EventType "tourn"]
[EventCountry "AUT"]
[SourceTitle "playchess.com"]
[Source "ChessBase"]
[SourceQuality "1"]
[TimeControl "40/5400+30:1800+30"]

1. c4 c5 2. Nc3 Nf6 3. e4 Nc6 4. g3 e5 5. Bg2 d6 6. d3 Bg4 7. f3 Be6 8. Nge2 g6 9. O-O Bg7 10. Be3 Qd7 11. Qd2 h5 12. h4 Nd4 {[%emt 0:12:45] Weighted Error Value: White=0.05 (flawless) /Black=0.04 (flawless) .  Inaccurate:     	White=1     	---        OK:         	White=2     	Black=1} 1/2-1/2

[Event "Chess Ladies Graz 2024"]
[Site "Graz"]
[Date "2024.02.28"]
[Round "5.2"]
[White "Froewis, Annika"]
[Black "Brunello, Marina"]
[Result "1/2-1/2"]
[ECO "B90"]
[WhiteElo "2133"]
[BlackElo "2345"]
[Annotator "TA"]
[PlyCount "74"]
[EventDate "2024.02.25"]
[EventType "tourn"]
[EventCountry "AUT"]
[SourceTitle "playchess.com"]
[Source "ChessBase"]
[SourceQuality "1"]
[TimeControl "40/5400+30:1800+30"]

1. e4 c5 2. Nf3 d6 3. d4 cxd4 4. Nxd4 Nf6 5. Nc3 a6 6. Be3 e5 7. Nb3 Be6 8. f3 h5 9. Nd5 Bxd5 10. exd5 Nbd7 11. Qd2 {[%emt 0:00:35] White is slightly better.} g6 12. O-O-O Nb6 13. Kb1 Nbxd5 14. Bg5 {[%emt 0:00:37] [#] And now Qxd5 would win.} Be7 $1 15. Bd3 {[%emt 1:26:53][%mdl 1024] White has compensation.} Rc8 16. Rhe1 Kf8 17. h3 Kg7 18. f4 Nxf4 19. Bxf4 exf4 20. Qxf4 h4 (20... Nh7 {keeps more tension.} 21. Be4 Qc7 22. Rf1 Bg5) 21. Qd4 d5 22. Re5 (22. Re3 {is more complex.} Rc6 23. Rf1 Rh5 24. c3) 22... Kg8 (22... Qd6 {feels hotter.} 23. Rf1 Bd8 24. c4 Bb6) 23. Rf1 Bf8 24. Qf2 Bg7 25. Nd4 (25. a3 $11) 25... Qc7 26. Re2 Qg3 ({Black should play} 26... Nh5 $1 $15 27. Rd1 Qg3) 27. Qxg3 $11 hxg3 28. Re7 Rh4 29. Nf3 Rb4 30. Ng5 {[%emt 0:01:34] Repels Ne4} (30. a3 $1 $15 Rb6 31. Ng5) 30... Ne4 31. Bxe4 (31. Nxe4 $17 dxe4 (31... Bxb2 32. Nd6 $15) 32. Bxe4 (32. Rfxf7 $2 {loses.} Bxb2 33. Bxe4 Be5+ 34. Kc1 Rxe4 $19)) 31... Rxb2+ $19 32. Kc1 {[%emt 0:00:06][%cal Oe4g6] [#] Black must now prevent Bxg6!} dxe4 33. Rfxf7 Rcxc2+ $2 (33... Rbxc2+ $19 34. Kd1 Rc1+ 35. Ke2 R8c2+ 36. Ke3 Re1+ 37. Kf4 Bf8) 34. Kd1 $11 {[%emt 0:00:04] Threatening mate with Re8+. The position is equal.} Rd2+ 35. Kc1 {[%emt 0:00:51] Intending Re8+ and mate.} Rdc2+ 36. Kd1 {[%emt 0:00:02] Really sharp!} Rd2+ 37. Kc1 {[%emt 0:00:05] White threatens Re8+ and mate.} Rdc2+ {[%emt 0:00:35] Weighted Error Value: White=0.26 (precise) /Black=0.18 (very precise) .  Loses game:     	White=1     	---        Missed win:     	---       	Black=1      Mistake:       	White=2     	Black=1      Inaccurate:     	White=3     	Black=1      OK:         	White=5     	Black=10     Best:        	White=4     	Black=2      Strong:       	---       	Black=1} 1/2-1/2

[Event "Chess Ladies Graz 2024"]
[Site "Graz"]
[Date "2024.02.28"]
[Round "5.3"]
[White "Schloffer, Jasmin-Denise"]
[Black "Mayrhuber, Nikola"]
[Result "1-0"]
[ECO "E20"]
[WhiteElo "2178"]
[BlackElo "1980"]
[Annotator "RC"]
[PlyCount "87"]
[EventDate "2024.02.25"]
[EventType "tourn"]
[EventCountry "AUT"]
[SourceTitle "playchess.com"]
[Source "ChessBase"]
[SourceQuality "1"]
[TimeControl "40/5400+30:1800+30"]

1. d4 Nf6 2. c4 e6 3. Nc3 Bb4 4. f3 c5 5. d5 O-O 6. e4 exd5 7. exd5 Re8+ 8. Kf2 Bxc3 9. bxc3 d6 10. Ne2 Nbd7 11. Nf4 Ne5 12. Be2 g5 13. Nd3 Nxc4 14. Nxc5 Qb6 15. Bxc4 Qxc5+ 16. Qd4 Qxd4+ 17. cxd4 g4 18. Bg5 Kg7 19. Bb5 Rd8 20. h3 a6 21. Bd3 g3+ 22. Kxg3 Rg8 23. Bxf6+ Kxf6+ 24. Kf2 Bf5 25. Be4 b5 26. a4 Rac8 27. Rhc1 Bxe4 28. fxe4 h5 29. axb5 axb5 30. Rxc8 Rxc8 31. Ra6 Ke7 32. Ra7+ Kf6 33. Rd7 Rc2+ 34. Kf3 Rc3+ 35. Kf4 Rd3 36. Rxd6+ Ke7 37. Rb6 Rxd4 38. Rxb5 Rd2 39. Rb7+ Kf6 40. e5+ Kg6 41. d6 Rxg2 42. d7 Rd2 43. Rb6+ Kg7 44. Rd6 1-0

[Event "Chess Ladies Graz 2024"]
[Site "Graz"]
[Date "2024.02.28"]
[Round "5.4"]
[White "Mkrtchian, Lilit"]
[Black "Bodnaruk, Anastasia"]
[Result "1/2-1/2"]
[ECO "D02"]
[WhiteElo "2378"]
[BlackElo "2340"]
[Annotator "TA"]
[PlyCount "25"]
[EventDate "2024.02.25"]
[EventType "tourn"]
[EventCountry "AUT"]
[SourceTitle "playchess.com"]
[Source "ChessBase"]
[SourceQuality "1"]
[TimeControl "40/5400+30:1800+30"]

1. Nf3 Nf6 2. g3 g6 3. Bg2 d5 4. d4 Bg7 5. O-O O-O 6. c3 c6 7. Nbd2 Bf5 8. Nh4 Be6 9. a4 {[%emt 0:07:45] The position is equal.} Qc8 10. Re1 Bh3 11. Bh1 Nbd7 12. Nhf3 Bf5 13. a5 {[%emt 0:02:51] An uneventful encounter.   Weighted Error Value: White=0.05 (flawless) /Black=0.03 (flawless) .  OK:         	White=2     	Black=1} 1/2-1/2

[Event "Chess Ladies Graz 2024"]
[Site "Graz"]
[Date "2024.02.28"]
[Round "5.5"]
[White "Trippold, Denise"]
[Black "Polterauer, Chiara"]
[Result "1/2-1/2"]
[ECO "D90"]
[WhiteElo "2147"]
[BlackElo "2189"]
[Annotator "RC"]
[PlyCount "29"]
[EventDate "2024.02.25"]
[EventType "tourn"]
[EventCountry "AUT"]
[SourceTitle "playchess.com"]
[Source "ChessBase"]
[SourceQuality "1"]
[TimeControl "40/5400+30:1800+30"]

1. d4 Nf6 2. c4 g6 3. Nc3 d5 4. Nf3 Bg7 5. h4 c6 6. cxd5 cxd5 7. Bf4 Nc6 8. e3 O-O 9. Ne5 Ne4 10. Nxc6 bxc6 11. Nxe4 dxe4 12. Bc4 c5 13. dxc5 Qa5+ 14. Qd2 Qxc5 15. Rc1 1/2-1/2